[Event "Titled Tuesday Blitz October 31 Early 2023"]
[White "Karamsetty, Jeevan"]
[Black "Javakhadze, Zurab"]
[WhiteFideId "2025337"]
[BlackFideId "13603647"]
[WhiteElo "2614"]
[BlackElo "2808"]
[Result "1-0"]
[Round "3"]
[TimeControl "180+1"]
[Date "2023.10.31"]
[WhiteClock "0:00:06"]
[BlackClock "0:00:05"]
[Board "29"]

1. e4 e5 2. Nf3 Nc6 3. d4 exd4 4. Bc4 Nf6 5. e5 d5 6. Bb5 Ne4 7. Nxd4 Bd7 8. Bxc6 bxc6 9. O-O Be7 10. f3 Ng5 11. f4 Ne4 12. Nc3 Nxc3 13. bxc3 c5 14. Nb3 Bf5 15. Be3 c4 16. Nd4 Be4 17. f5 Bg5 18. Qe2 h6 19. e6 Bxe3+ 20. Qxe3 Qg5 21. exf7+ Kxf7 22. Qf2 Qf6 23. Rab1 Rhb8 24. Qf4 Qd6 25. Qg4 Rb6 26. Ne6 Qe5 27. Rbe1 Rc8 28. f6 gxf6 29. Nf4 Re8 30. Nh5 Qg5 31. Qh3 Rbe6 32. Nf4 Re5 33. g3 f5 34. Rf2 c6 35. Rfe2 Kg8 36. Qf1 Kh7 37. Nh3 Qg7 38. Nf4 R8e7 39. Nh5 Qg5 40. Nf4 Re8 41. Nh3 Qg4 42. Nf4 R5e7 43. Qf2 Qg7 44. Qc5 Qxc3 45. Qxc6 Qg7 46. Qc5 d4 47. Qxc4 Rc7 48. Qa4 Rec8 49. Ne6 Qg4 50. Nxc7 Rxc7 51. Rxe4 fxe4 52. Qxd4 Re7 53. Qe3 Qe6 54. Rf1 Qxa2 55. Rf4 Qe6 56. c3 Qc4 57. Rh4 Qc6 58. Kg2 Qg6 59. Rf4 a5 60. Qd4 Qc6 61. Rf6 Qb7 62. Qe3 Qd5 63. Qxh6+ Kg8 64. Rf8# 1-0


[Site "https://www.chess.com"]

[Event "Titled Tuesday Blitz October 31 Early 2023"]
[White "Bodnaruk, Anastasia"]
[Black "Vakhlamov, Igor L."]
[WhiteFideId "4181751"]
[BlackFideId "24126748"]
[WhiteElo "2614"]
[BlackElo "2797"]
[Result "0-1"]
[Round "3"]
[TimeControl "180+1"]
[Date "2023.10.31"]
[WhiteClock "0:00:00"]
[BlackClock "0:01:31"]
[Board "30"]

1. e4 c5 2. Nc3 e6 3. Nf3 Nc6 4. Bb5 Nge7 5. Bxc6 Nxc6 6. d4 cxd4 7. Nxd4 a6 8. O-O Nxd4 9. Qxd4 b5 10. Re1 Bb7 11. Nd5 Rc8 12. Bf4 f6 13. Bg3 Bc5 14. Qd3 exd5 15. exd5+ Kf7 16. d6 Re8 17. Qxh7 Re6 18. Rad1 Qh8 19. Qf5 g6 20. Qd3 Rce8 21. Qb3 Qh5 22. Qc3 Qd5 23. Qf3 Rxe1+ 0-1


[Site "https://www.chess.com"]

[Event "Titled Tuesday Blitz October 31 Early 2023"]
[White "Saydaliev, Saidakbar"]
[Black "Nurmanova, Alua"]
[WhiteFideId "14203693"]
[BlackFideId "13729390"]
[WhiteElo "2786"]
[BlackElo "2604"]
[Result "0-1"]
[Round "3"]
[TimeControl "180+1"]
[Date "2023.10.31"]
[WhiteClock "0:00:12"]
[BlackClock "0:00:37"]
[Board "31"]

1. e4 c5 2. Nf3 d6 3. d4 cxd4 4. Nxd4 Nf6 5. Nc3 a6 6. Be3 e5 7. Nb3 Be6 8. h3 h5 9. Qf3 Nbd7 10. O-O-O Rc8 11. Kb1 Rxc3 12. bxc3 Qc7 13. Bg5 b5 14. Qe3 Nb6 15. f4 Na4 16. Rd3 Bc4 17. Rd2 Nxe4 18. fxe5 d5 19. Bxc4 Nxd2+ 20. Nxd2 bxc4 21. Kc1 Bc5 22. Qg3 Qb8 23. Nb1 Qb2+ 24. Kd2 d4 25. e6 fxe6 26. Qe5 O-O 27. Qxe6+ Kh8 28. Ke2 Qxc2+ 29. Nd2 Nxc3+ 0-1


[Site "https://www.chess.com"]

[Event "Titled Tuesday Blitz October 31 Early 2023"]
[White "Mekhitarian, Krikor Sevag"]
[Black "Jaskolka, Tomasz"]
[WhiteFideId "2107660"]
[BlackFideId "1170791"]
[WhiteElo "2783"]
[BlackElo "2577"]
[Result "0-1"]
[Round "3"]
[TimeControl "180+1"]
[Date "2023.10.31"]
[WhiteClock "0:00:03"]
[BlackClock "0:00:06"]
[Board "32"]

1. Nf3 d5 2. c4 c6 3. d4 Nf6 4. Nc3 a6 5. e3 Bg4 6. h3 Bxf3 7. Qxf3 e6 8. Bd3 Nbd7 9. O-O Bd6 10. Qd1 O-O 11. a3 b5 12. c5 Bc7 13. f4 Ne8 14. g4 Qe7 15. b4 f6 16. Qf3 g6 17. a4 Ng7 18. Bd2 f5 19. g5 Nh5 20. Ra2 Rae8 21. axb5 axb5 22. Rfa1 e5 23. Nxd5 cxd5 24. Qxd5+ Kh8 25. Ra7 exf4 26. Rxc7 Qxg5+ 27. Qg2 Qxg2+ 28. Kxg2 fxe3 29. Rxd7 exd2 30. Kf2 Nf4 31. Bf1 Ra8 32. Rd1 Ra2 33. Ke3 Nh5 34. Rxd2 f4+ 35. Kd3 Ra3+ 36. Kc2 Ng3 37. Bd3 f3 38. c6 f2 39. c7 Rxd3 40. Rd8 Rxd2+ 41. Kxd2 f1=Q 42. c8=Q Qe2+ 43. Kc1 Qe3+ 44. Kb1 Qe4+ 45. Kc1 Ne2+ 46. Kd2 Rxd8 47. Qxd8+ Kg7 48. Qd7+ Kh6 49. d5 Nd4 50. d6 Qe2+ 51. Kc3 Qc4+ 52. Kd2 Qc2+ 53. Ke3 Qc3+ 54. Ke4 Nf5 55. Kd5 Qc4+ 56. Ke5 Qd4+ 57. Ke6 Qe4+ 58. Kf6 Qd4+ 59. Ke6 Ng7+ 60. Kf7 Qf4+ 61. Kg8 Qe5 62. Qe7 Qxe7 63. dxe7 Ne8 64. Kf7 Nd6+ 65. Ke6 Ne8 66. Kf7 Nc7 67. Kf6 g5 68. Kf5 Kh5 69. Ke5 Kh4 70. Kd6 Ne8+ 71. Ke6 Kxh3 72. Kd7 Ng7 0-1


[Site "https://www.chess.com"]

[Event "Titled Tuesday Blitz October 31 Early 2023"]
[White "Guliev, Logman"]
[Black "Komov, Roman"]
[WhiteFideId "13400061"]
[BlackFideId "24175714"]
[WhiteElo "2572"]
[BlackElo "2780"]
[Result "0-1"]
[Round "3"]
[TimeControl "180+1"]
[Date "2023.10.31"]
[WhiteClock "0:00:00"]
[BlackClock "0:01:55"]
[Board "33"]

1. e4 c5 2. Nf3 d6 3. d4 cxd4 4. Nxd4 Nf6 5. Nc3 Nc6 6. Bg5 e6 7. Qd2 a6 8. O-O-O Bd7 9. f4 b5 10. Bxf6 gxf6 11. Nxc6 Bxc6 12. Bd3 h5 13. Kb1 b4 14. Ne2 Qb6 15. Rhf1 Qc5 16. Nc1 a5 17. Nb3 Qb6 18. Bc4 a4 19. Nd4 Bd7 20. f5 e5 21. Ne2 Rc8 22. b3 Qc5 23. Rf3 h4 24. Rd3 Bc6 25. Bd5 Bb5 26. Rh3 Bh6 27. Rxh4 Bxd2 28. Rxh8+ Ke7 29. Rxc8 Qxc8 30. Rxd2 a3 31. Kc1 Bxe2 32. Rxe2 Qc3 33. Bc4 Qa1+ 34. Kd2 Qxa2 0-1


[Site "https://www.chess.com"]

[Event "Titled Tuesday Blitz October 31 Early 2023"]
[White "Liyanage, Ranindu Dilshan"]
[Black "Herzog2012"]
[WhiteFideId "9915834"]
[WhiteElo "2776"]
[BlackElo "2555"]
[Result "1-0"]
[Round "3"]
[TimeControl "180+1"]
[Date "2023.10.31"]
[WhiteClock "0:00:04"]
[BlackClock "0:00:00"]
[Board "34"]

1. c4 Nf6 2. g3 e6 3. Bg2 Be7 4. Nf3 O-O 5. O-O d5 6. b3 c5 7. Bb2 Nc6 8. cxd5 Nxd5 9. d4 cxd4 10. Nxd4 Bf6 11. Nxc6 bxc6 12. Qd2 Ba6 13. Rc1 Rc8 14. Na3 c5 15. Nc4 Bxc4 16. Rxc4 Nb6 17. Qxd8 Rfxd8 18. Bxf6 gxf6 19. Rc2 c4 20. bxc4 Rxc4 21. Rxc4 Nxc4 22. Rc1 Ne5 23. f4 Ng4 24. Bf3 f5 25. Rc7 Rd1+ 26. Kg2 Ne3+ 27. Kf2 Ng4+ 28. Kg2 a5 29. Rc5 Ne3+ 30. Kf2 Nf1 31. h3 Nd2 32. Rxa5 Nxf3 33. Kxf3 Rh1 34. Kg2 Re1 35. Kf2 Rh1 36. a4 Ra1 37. Ra8+ Kg7 38. a5 h5 39. a6 Ra3 40. e3 Ra2+ 41. Kf3 Kh7 42. g4 fxg4+ 43. hxg4 h4 44. g5 h3 45. Rc8 Rxa6 46. Rc1 Ra2 47. Rh1 h2 48. Kg3 Kg6 49. Rxh2 Ra1 50. Kf3 Rf1+ 51. Ke4 Re1 52. Rh6+ Kg7 53. Rh2 Kg6 54. Rb2 e5 55. Rb6+ Kg7 56. f5 Rg1 57. g6 f6 58. Rb7+ Kg8 59. Kd5 Ra1 60. Rb8+ Kg7 61. Rb7+ Kg8 62. Rd7 Ra5+ 63. Ke6 Ra6+ 64. Rd6 Ra8 65. Kxf6 1-0


[Site "https://www.chess.com"]

[Event "Titled Tuesday Blitz October 31 Early 2023"]
[White "Sokolovsky, Yahli"]
[Black "Skatchkov, Valery"]
[WhiteFideId "2820242"]
[BlackFideId "24195812"]
[WhiteElo "2773"]
[BlackElo "2552"]
[Result "1-0"]
[Round "3"]
[TimeControl "180+1"]
[Date "2023.10.31"]
[WhiteClock "0:00:08"]
[BlackClock "0:00:21"]
[Board "35"]

1. b3 d5 2. Bb2 Bf5 3. e3 e6 4. d4 Nf6 5. Bd3 c6 6. Nf3 Bd6 7. Ne5 Nbd7 8. Nd2 Bxe5 9. dxe5 Ng4 10. Bxf5 exf5 11. Qf3 Qg5 12. Qf4 Qg6 13. Nf3 f6 14. exf6 Ngxf6 15. Nh4 Qg4 16. Nxf5 Qxf4 17. exf4 O-O-O 18. O-O Kc7 19. Nxg7 Kd6 20. Rfe1 Rdf8 21. Be5+ Ke7 22. Nf5+ Kd8 23. Nd6 b6 24. c4 Rhg8 25. cxd5 Nxd5 26. Rac1 Nxe5 27. fxe5 Nf4 28. g3 Nd3 29. Ne4 Nxe1 30. Rxe1 Ke7 31. f4 h6 32. Nf6 Rh8 33. Kf2 Ke6 34. Ke3 Rd8 35. Ke4 Rd2 36. f5+ Ke7 37. Nh5 Rhd8 38. f6+ Kf7 39. Kf5 R8d5 40. Nf4 Ra5 41. b4 Rb5 42. a4 Rxb4 43. e6+ Ke8 44. f7+ Ke7 45. Ng6+ Kd6 46. f8=Q+ Kd5 47. Nf4+ Kc4 48. Re4+ Rd4 49. Rxd4+ Kxd4 50. Qxb4+ 1-0


[Site "https://www.chess.com"]

[Event "Titled Tuesday Blitz October 31 Early 2023"]
[White "Korchmar, Vasiliy"]
[Black "Bazilius, Augustinas"]
[WhiteFideId "24131750"]
[BlackFideId "12832251"]
[WhiteElo "2768"]
[BlackElo "2539"]
[Result "1-0"]
[Round "3"]
[TimeControl "180+1"]
[Date "2023.10.31"]
[WhiteClock "0:00:27"]
[BlackClock "0:00:00"]
[Board "36"]

1. e4 c5 2. d4 cxd4 3. Qxd4 Nc6 4. Qd3 d6 5. Nc3 Nf6 6. Nf3 g6 7. Be2 Bg7 8. O-O O-O 9. Nd5 Nd7 10. c3 a6 11. Bg5 b5 12. Rad1 Bb7 13. Rfe1 Nc5 14. Qe3 Ne6 15. Bh6 Re8 16. h4 Ne5 17. Nxe5 Bxe5 18. h5 Bxd5 19. exd5 Ng7 20. hxg6 hxg6 21. Bg4 Bf6 22. Rd3 Qa5 23. a3 Qa4 24. Qf3 Qb3 25. Re2 a5 26. g3 Rab8 27. Kg2 Qa2 28. Rde3 b4 29. cxb4 axb4 30. Bd7 Red8 31. Rxe7 Bxe7 32. Rxe7 Rf8 33. Qf6 Qxd5+ 34. f3 Nh5 35. Qh4 Rbd8 36. g4 Ng7 37. Qf6 Ne8 38. Bxe8 1-0


[Site "https://www.chess.com"]

[Event "Titled Tuesday Blitz October 31 Early 2023"]
[White "Taher, Yoseph Theolifus"]
[Black "Willy, Stephen"]
[WhiteFideId "7105347"]
[BlackFideId "30981468"]
[WhiteElo "2765"]
[BlackElo "2502"]
[Result "1-0"]
[Round "3"]
[TimeControl "180+1"]
[Date "2023.10.31"]
[WhiteClock "0:02:23"]
[BlackClock "0:00:15"]
[Board "37"]

1. d4 d5 2. Nc3 Bf5 3. Bf4 e6 4. e3 Bd6 5. Bg3 Nf6 6. Bd3 Bg6 7. Nge2 Nc6 8. Qd2 e5 9. Bb5 e4 10. Bxc6+ bxc6 11. Na4 O-O 12. Rc1 Rb8 13. O-O Nh5 14. c4 f5 15. b3 Nxg3 16. hxg3 Bf7 17. Qa5 Bb4 18. Qxa7 Qe7 19. cxd5 Ra8 20. Qb7 Bxd5 21. Nf4 Ba3 22. Nxd5 cxd5 23. Rxc7 1-0


[Site "https://www.chess.com"]

[Event "Titled Tuesday Blitz October 31 Early 2023"]
[White "Fecker, Noah"]
[Black "Santos Flores, Alberto"]
[WhiteFideId "1334263"]
[BlackFideId "3601234"]
[WhiteElo "2758"]
[BlackElo "2443"]
[Result "1-0"]
[Round "3"]
[TimeControl "180+1"]
[Date "2023.10.31"]
[WhiteClock "0:00:11"]
[BlackClock "0:00:00"]
[Board "38"]

1. e4 e6 2. d4 d5 3. Nd2 c5 4. Ngf3 cxd4 5. Nxd4 Nf6 6. exd5 Nxd5 7. a3 Be7 8. N2f3 O-O 9. Bd3 Bf6 10. O-O a6 11. c4 Ne7 12. b4 Nbc6 13. Bb2 Nxd4 14. Nxd4 Qc7 15. Qc2 Ng6 16. Rfd1 Rd8 17. Be4 Bd7 18. c5 Rac8 19. Rac1 Be8 20. g3 b6 21. cxb6 Qxc2 22. Rxc2 Rxc2 23. Bxc2 Rb8 24. Bc1 Rxb6 25. Be3 Rb8 26. Bd3 Ra8 27. Nb3 Ne5 28. Be2 Bb5 29. Kf1 Bxe2+ 30. Kxe2 Nc4 31. Bc1 a5 32. bxa5 Nxa5 33. Nxa5 Rxa5 34. Rd3 h5 35. h3 Ra4 36. Rb3 Kh7 37. Rb4 Ra6 38. a4 Kg6 39. Rc4 Kf5 40. Bd2 e5 41. a5 Ke6 42. Rb4 Kd5 43. Kd3 Kc6 44. Rc4+ Kd5 45. Rc7 Ke6 46. Rb7 Bd8 47. Rb5 Bc7 48. Ke4 1-0


[Site "https://www.chess.com"]

[Event "Titled Tuesday Blitz October 31 Early 2023"]
[White "Srihari L R"]
[Black "Della Corte, Alessandro"]
[WhiteFideId "46617116"]
[BlackFideId "813540"]
[WhiteElo "2746"]
[BlackElo "2386"]
[Result "1-0"]
[Round "3"]
[TimeControl "180+1"]
[Date "2023.10.31"]
[WhiteClock "0:02:19"]
[BlackClock "0:01:29"]
[Board "39"]

1. c4 e6 2. Nc3 d5 3. e3 Nf6 4. Nf3 Be7 5. b3 a5 6. Bb2 O-O 7. Be2 c6 8. O-O Na6 9. d4 b6 10. a3 Bb7 11. Qc2 Rc8 12. Rad1 Qc7 13. e4 dxe4 14. Nxe4 Qf4 15. Bd3 Nxe4 16. Bxe4 f5 17. Bd3 c5 18. d5 exd5 19. cxd5 Bd6 20. h3 Nc7 21. Bc1 Qxf3 22. gxf3 Nxd5 23. Bc4 1-0


[Site "https://www.chess.com"]

[Event "Titled Tuesday Blitz October 31 Early 2023"]
[White "Zhao, Erick"]
[Black "Soumya, Swaminathan"]
[WhiteFideId "30946930"]
[BlackFideId "5016193"]
[WhiteElo "2743"]
[BlackElo "2352"]
[Result "1-0"]
[Round "3"]
[TimeControl "180+1"]
[Date "2023.10.31"]
[WhiteClock "0:01:49"]
[BlackClock "0:00:03"]
[Board "40"]

1. e4 c5 2. Nf3 Nc6 3. Bb5 g6 4. O-O Bg7 5. c3 Nf6 6. d4 d5 7. Ne5 Qb6 8. exd5 Qxb5 9. Na3 Qb6 10. dxc6 cxd4 11. Nac4 Qc7 12. cxb7 Bxb7 13. cxd4 O-O 14. Bf4 Nh5 15. Be3 Rad8 16. Rc1 Bd5 17. b3 f6 18. Nd3 f5 19. Nce5 Qb7 20. f3 f4 21. Nc5 Qa8 22. Bf2 Bxe5 23. dxe5 Bxb3 24. Qxb3+ 1-0


[Site "https://www.chess.com"]

[Event "Titled Tuesday Blitz October 31 Early 2023"]
[White "Gubajdullin, Alexei"]
[Black "Guzman Moneo, Alberto"]
[WhiteFideId "4141202"]
[BlackFideId "2209616"]
[WhiteElo "2739"]
[BlackElo "2306"]
[Result "0-1"]
[Round "3"]
[TimeControl "180+1"]
[Date "2023.10.31"]
[WhiteClock "0:00:00"]
[BlackClock "0:00:01"]
[Board "41"]

1. d4 Nf6 2. Nf3 c5 3. c3 d5 4. Bf4 Nc6 5. e3 Bg4 6. Nbd2 cxd4 7. exd4 e6 8. Bd3 Bd6 9. Bxd6 Qxd6 10. O-O O-O 11. Qe1 a6 12. Ne5 Bf5 13. f4 Bxd3 14. Nxd3 b5 15. a3 Na5 16. Qh4 Nc4 17. Rad1 Ne3 18. Ne5 Nxd1 19. Rxd1 Ne4 20. Ndf3 a5 21. Nd3 Rab8 22. Rf1 Qd8 23. Qg4 f5 24. Qh3 Rf6 25. g3 Rh6 26. Qg2 Qc7 27. Nfe5 Rf6 28. Re1 Rc8 29. h3 Re8 30. Re2 Qb7 31. Kh2 Rh6 32. Qf3 Rf8 33. Rg2 g5 34. Qe3 Qg7 35. fxg5 Qxg5 36. Qxg5+ Nxg5 37. Nf4 b4 38. cxb4 axb4 39. axb4 Rb8 40. Rc2 Rf6 41. Nd7 Rff8 42. Nxf8 Kxf8 43. Kg2 Rxb4 44. h4 Ne4 45. Nxe6+ Ke7 46. Ng7 Kf6 47. Nh5+ Ke6 48. Nf4+ Kd6 49. Ne2 h5 50. Kf3 Rb8 51. Kf4 Rg8 52. Kxf5 Nxg3+ 53. Nxg3 Rxg3 54. b4 Rg4 55. b5 Rxd4 56. Rc6+ Kd7 57. Rh6 Rxh4 58. Ke5 Rb4 59. b6 d4 60. Kd5 d3 61. Rh7+ Kc8 62. Kc6 Rc4+ 63. Kb5 Rd4 64. Rh8+ Kb7 65. Rh7+ Kc8 66. Rh8+ Kd7 67. b7 d2 68. b8=Q d1=Q 69. Qd8+ Ke6 70. Rh6+ Ke5 71. Qe7+ Kf4 72. Rf6+ Kg4 73. Qe6+ Kh4 0-1


[Site "https://www.chess.com"]

[Event "Titled Tuesday Blitz October 31 Early 2023"]
[White "Krzyzanowski, Marcin"]
[Black "Kiseljova, Marya"]
[WhiteFideId "1132199"]
[BlackFideId "4155009"]
[WhiteElo "2738"]
[BlackElo "2234"]
[Result "1-0"]
[Round "3"]
[TimeControl "180+1"]
[Date "2023.10.31"]
[WhiteClock "0:01:49"]
[BlackClock "0:02:06"]
[Board "42"]

1. e4 c5 2. Nf3 Nc6 3. Bb5 e5 4. d3 Bd6 5. Nc3 Nge7 6. Bc4 O-O 7. Ng5 h6 8. h4 Na5 9. Bd5 Nxd5 10. Nxd5 b5 11. Qh5 Qf6 12. Nxf6+ 1-0


[Site "https://www.chess.com"]

[Event "Titled Tuesday Blitz October 31 Early 2023"]
[White "Danielyan, Vahe"]
[Black "Paravyan, David"]
[WhiteFideId "13304828"]
[BlackFideId "4194985"]
[WhiteElo "2726"]
[BlackElo "3086"]
[Result "1-0"]
[Round "3"]
[TimeControl "180+1"]
[Date "2023.10.31"]
[WhiteClock "0:00:28"]
[BlackClock "0:00:24"]
[Board "43"]

1. e4 e5 2. Nf3 Nf6 3. d4 Nxe4 4. Bd3 d5 5. Nxe5 Nd7 6. Qe2 Nxe5 7. Bxe4 dxe4 8. Qxe4 Be6 9. Qxe5 Qd7 10. Be3 O-O-O 11. Nd2 Bb4 12. c3 f6 13. Qg3 Bd6 14. Bf4 Be7 15. O-O g5 16. Be3 Bd6 17. Qf3 f5 18. Bxg5 Bd5 19. Qh5 Rdg8 20. g3 f4 21. Bf6 fxg3 22. Qxd5 g2 23. Qh5 gxf1=Q+ 24. Kxf1 Qc6 25. d5 Qb6 26. Nc4 Qb5 27. b3 Bxh2 28. Qxh2 Qxd5 29. Qh3+ Kb8 30. Bxh8 Rxh8 31. Re1 b6 32. Ne5 a5 33. Qf3 Qd2 34. Nc6+ Kb7 35. Nxa5+ Ka6 36. Qb7+ Kxa5 37. Re5+ c5 38. Qa7+ Kb5 39. Qa4# 1-0


[Site "https://www.chess.com"]

[Event "Titled Tuesday Blitz October 31 Early 2023"]
[White "Bluebaum, Matthias"]
[Black "Rendle, Thomas E"]
[WhiteFideId "24651516"]
[BlackFideId "408760"]
[WhiteElo "3076"]
[BlackElo "2671"]
[Result "0-1"]
[Round "3"]
[TimeControl "180+1"]
[Date "2023.10.31"]
[WhiteClock "0:00:30"]
[BlackClock "0:00:18"]
[Board "44"]

1. d4 Nf6 2. c4 g6 3. Nc3 Bg7 4. e4 d6 5. Nf3 O-O 6. Be2 e5 7. Be3 Na6 8. O-O exd4 9. Nxd4 Re8 10. f3 Nc5 11. Qd2 Nfd7 12. Rad1 Ne5 13. b4 Ne6 14. Nb3 h5 15. f4 Ng4 16. Bxg4 hxg4 17. f5 Nf8 18. Bd4 Nd7 19. Bxg7 Kxg7 20. Nd5 Rh8 21. f6+ Kf8 22. Qf4 Ne5 23. Nc1 Be6 24. Nd3 Bxd5 25. Nxe5 Be6 26. Qg5 Qe8 27. Nxg4 Rh5 28. Qf4 Bxc4 29. Rfe1 Qb5 30. e5 Be2 31. a4 Qb6+ 32. Nf2 Bxd1 33. Rxd1 dxe5 34. Qd2 Kg8 35. h3 Rf5 36. Rf1 Qd4 37. Qe2 Rxf6 38. Kh2 Qf4+ 39. Kh1 e4 40. Kg1 e3 41. Ng4 Qxf1+ 42. Qxf1 Rxf1+ 43. Kxf1 Rd8 44. Ke2 Rd4 45. Nf6+ Kg7 46. Ne8+ Kf8 47. Nxc7 Rxb4 48. a5 Rb3 49. h4 Ke7 50. g4 Kd6 51. Ne8+ Ke7 52. Nc7 Kd6 53. Ne8+ Ke5 54. h5 gxh5 55. gxh5 Kf4 56. Nf6 Rb2+ 57. Kd3 Rd2+ 58. Kc3 Rh2 59. Kd3 Kf3 60. Ne4 Rxh5 61. Nc3 Rh2 62. Kd4 Rd2+ 63. Ke5 e2 64. Nxe2 Rxe2+ 65. Kf6 Ra2 66. Kxf7 0-1


[Site "https://www.chess.com"]

[Event "Titled Tuesday Blitz October 31 Early 2023"]
[White "Goltsev, Dmitry"]
[Black "Caruana, Fabiano"]
[WhiteFideId "24176710"]
[BlackFideId "2020009"]
[WhiteElo "2660"]
[BlackElo "3072"]
[Result "0-1"]
[Round "3"]
[TimeControl "180+1"]
[Date "2023.10.31"]
[WhiteClock "0:00:08"]
[BlackClock "0:02:05"]
[Board "45"]

1. e4 e5 2. Nf3 Nc6 3. Bb5 a6 4. Ba4 Nf6 5. O-O b5 6. Bb3 Bc5 7. Nxe5 Nxe5 8. d4 Bxd4 9. Qxd4 d6 10. c3 c5 11. Qe3 O-O 12. f3 Bb7 13. Nd2 Re8 14. a4 Qc7 15. axb5 axb5 16. Rxa8 Bxa8 17. Bc2 h6 18. Nb3 Bc6 19. Bd2 Nc4 20. Qf4 Nxb2 21. Nxc5 Qb6 22. Qxd6 Rd8 23. Qe7 Rxd2 24. Bb3 Nc4 25. Kh1 Qd8 26. Qa7 Nd7 27. g3 Nxc5 28. Qxc5 Qd6 29. Qf5 g6 30. Qc8+ Kg7 31. Bxc4 bxc4 32. Qa6 Qd3 33. Qa1 Qe2 0-1


[Site "https://www.chess.com"]

[Event "Titled Tuesday Blitz October 31 Early 2023"]
[White "Principe, Alexander"]
[Black "Theodorou, Nikolas"]
[WhiteFideId "3804542"]
[BlackFideId "4262875"]
[WhiteElo "2650"]
[BlackElo "2999"]
[Result "0-1"]
[Round "3"]
[TimeControl "180+1"]
[Date "2023.10.31"]
[WhiteClock "0:01:25"]
[BlackClock "0:01:08"]
[Board "46"]

1. e4 b6 2. d4 Bb7 3. Bd3 d6 4. Qe2 Nd7 5. c3 e5 6. f3 Ngf6 7. Be3 g6 8. Nd2 Bg7 9. Nh3 O-O 10. O-O d5 11. Bg5 h6 12. Bh4 Re8 13. Kh1 c5 14. dxc5 Nxc5 15. Bb5 Re7 16. b4 Ne6 17. exd5 Qxd5 18. Bc4 Qc6 19. Rac1 g5 20. Bg3 Nh5 21. Bb5 Qc7 22. Rfd1 Nef4 23. Bxf4 exf4 24. Qf2 Nf6 25. Nb3 Nd5 26. Nd4 Ne3 27. Rd2 g4 28. Ng1 g3 29. Qe2 Bxd4 30. Rxd4 Ng4 31. fxg4 Rxe2 32. Nxe2 f3 33. Nxg3 fxg2+ 34. Kg1 Qe5 35. Rd8+ Rxd8 36. Re1 Rd1 37. Bf1 Rxe1 38. g5 gxf1=N 39. Nf5 Qxf5 40. h4 hxg5 41. h5 Ne3+ 42. Kh2 Qg4 43. h6 Qh5+ 44. Kg3 Nf5+ 45. Kf2 Re2+ 46. Kf1 Rxa2 47. Ke1 Bf3 0-1


[Site "https://www.chess.com"]

[Event "Titled Tuesday Blitz October 31 Early 2023"]
[White "Arias, Juan Cruz"]
[Black "Oparin, Grigoriy"]
[WhiteFideId "118540"]
[BlackFideId "24125890"]
[WhiteElo "2639"]
[BlackElo "2987"]
[Result "0-1"]
[Round "3"]
[TimeControl "180+1"]
[Date "2023.10.31"]
[WhiteClock "0:01:07"]
[BlackClock "0:02:14"]
[Board "47"]

1. d4 Nf6 2. c4 e6 3. g3 c5 4. Nf3 cxd4 5. Nxd4 Qc7 6. Bg2 a6 7. O-O Qxc4 8. Nc3 Nc6 9. Be3 Ng4 10. Rc1 Nxe3 11. fxe3 Qb4 12. Na4 Be7 13. a3 Qa5 14. b4 Qd8 15. Nxc6 bxc6 16. Rxc6 dxc6 17. Bxc6+ Bd7 18. Bxd7+ Qxd7 19. Qxd7+ Kxd7 20. Nb6+ Kc6 21. Nxa8 Rxa8 22. Rxf7 Bf6 23. g4 h6 24. h4 Bxh4 25. Rxg7 Bg5 26. Kf2 Rf8+ 0-1


[Site "https://www.chess.com"]

[Event "Titled Tuesday Blitz October 31 Early 2023"]
[White "Bayramov, Zaur"]
[Black "Bok, Benjamin"]
[WhiteFideId "13405080"]
[BlackFideId "1017063"]
[WhiteElo "2633"]
[BlackElo "2967"]
[Result "1/2-1/2"]
[Round "3"]
[TimeControl "180+1"]
[Date "2023.10.31"]
[WhiteClock "0:00:16"]
[BlackClock "0:00:03"]
[Board "48"]

1. e4 c5 2. Nf3 d6 3. d4 cxd4 4. Qxd4 Nf6 5. h3 Nc6 6. Bb5 Bd7 7. Bxc6 Bxc6 8. Nc3 g6 9. O-O Bg7 10. Re1 O-O 11. Qd3 Qb6 12. Rb1 Rfc8 13. Be3 Qa5 14. b4 Qc7 15. Bd4 Bd7 16. Bxf6 Bxf6 17. Nd5 Qxc2 18. Nxf6+ exf6 19. Qxd6 Be6 20. Qf4 Kg7 21. e5 Qf5 22. Qxf5 Bxf5 23. Rbc1 Rxc1 24. Rxc1 Rd8 25. Rc7 Be4 26. e6 Rf8 27. e7 Re8 28. Nd4 a6 29. g4 f5 30. g5 h6 31. h4 hxg5 32. hxg5 Bd5 33. Rd7 Bxa2 34. Rxb7 f6 35. gxf6+ Kxf6 36. Rb6+ Kf7 37. Rxa6 Bd5 38. Ra7 Rxe7 39. Rxe7+ Kxe7 40. f4 Kd6 41. Kf2 Be4 42. Ke3 Kd5 43. b5 Kd6 44. Kd2 Bd5 45. Kd3 Kc5 46. Kc3 Bc4 47. b6 Bd5 48. Ne2 Kxb6 49. Kd4 Bf3 50. Nc3 Kc6 51. Ke5 Kc5 52. Na4+ Kc4 53. Kf6 Bh5 54. Kg5 Kd4 55. Nb6 Ke4 56. Nd7 Kf3 57. Nf6 Bg4 58. Kxg6 Kxf4 59. Kh6 Kg3 60. Nd5 Kh4 61. Kg6 Bh3 62. Kf6 Kg4 63. Ke5 Kg5 64. Nf4 Bg4 65. Ne6+ Kg6 66. Nd4 Kg5 67. Nxf5 1/2-1/2


[Site "https://www.chess.com"]

[Event "Titled Tuesday Blitz October 31 Early 2023"]
[White "Zhigalko, Sergei"]
[Black "JuniorJumper"]
[WhiteFideId "13502956"]
[WhiteElo "2961"]
[BlackElo "2616"]
[Result "1-0"]
[Round "3"]
[TimeControl "180+1"]
[Date "2023.10.31"]
[WhiteClock "0:00:43"]
[BlackClock "0:00:00"]
[Board "49"]

1. e4 e5 2. Nf3 Nc6 3. Bc4 Nf6 4. d3 Be7 5. O-O O-O 6. Nbd2 d6 7. c3 Be6 8. Bb5 h6 9. Re1 Nh7 10. d4 exd4 11. cxd4 d5 12. e5 Ng5 13. Nxg5 Bxg5 14. Bxc6 bxc6 15. Nb3 Be7 16. Bd2 Qd7 17. Rc1 f6 18. Qe2 Bf5 19. e6 Qe8 20. Qa6 Bd6 21. Qxc6 Bxe6 22. Ba5 Qh5 23. h3 Bxh3 24. gxh3 Qg5+ 25. Kf1 Qf5 26. Rc3 Rac8 27. Rce3 Kh7 28. Nc5 Bxc5 29. Qxc5 Qg5 30. Bb4 1-0


[Site "https://www.chess.com"]

[Event "Titled Tuesday Blitz October 31 Early 2023"]
[White "Drygalov, Sergey"]
[Black "Leyva Proenza, Richard"]
[WhiteFideId "24171743"]
[BlackFideId "3500985"]
[WhiteElo "2955"]
[BlackElo "2613"]
[Result "1-0"]
[Round "3"]
[TimeControl "180+1"]
[Date "2023.10.31"]
[WhiteClock "0:00:06"]
[BlackClock "0:00:00"]
[Board "50"]

1. d4 Nf6 2. c4 g6 3. Nc3 Bg7 4. e4 d6 5. Nf3 O-O 6. Be2 Nbd7 7. O-O e5 8. Be3 h6 9. d5 Ng4 10. Bc1 f5 11. exf5 gxf5 12. h3 Ngf6 13. Nh4 Nc5 14. b4 Nfe4 15. Nxe4 Nxe4 16. Nf3 Nc3 17. Qc2 Nxe2+ 18. Qxe2 e4 19. Rb1 exf3 20. Qxf3 Bd7 21. Bf4 Qf6 22. c5 Bb5 23. Rfe1 Rae8 24. Rbc1 Re4 25. cxd6 cxd6 26. Re3 Rfe8 27. Rc7 Rxe3 28. Bxe3 f4 29. Bxf4 Rf8 30. g3 Rf7 31. Rc8+ Kh7 32. Rb8 Qg6 33. Qe3 Bd3 34. Qe8 Qf5 35. Qg8+ Kg6 36. Rd8 Rf6 37. Qe8+ Kh7 38. Qg8+ Kg6 39. Qe8+ Kh7 40. Rd7 Qg6 41. Qxg6+ Kxg6 42. Rxb7 a6 43. a4 Be4 44. b5 axb5 45. Rxb5 Rf5 46. a5 Rxd5 47. Rxd5 Bxd5 48. Bxd6 Bc3 49. a6 Bd4 50. Bb8 h5 51. a7 Bf3 52. Kf1 Kf5 53. Kg1 Ke6 54. Kf1 Kd7 55. g4 h4 56. Kg1 Kc8 57. Kf1 Kb7 58. g5 Bxa7 59. Bxa7 Kxa7 60. g6 Bd5 61. Ke2 Kb7 62. Ke3 Kc7 63. Kf4 Kd6 64. Kg5 Ke5 65. f4+ Kd6 66. f5 Ke7 67. f6+ Kf8 68. Kxh4 Be4 69. Kg5 Bf3 70. h4 Be2 71. h5 Kg8 72. h6 Bc4 73. h7+ Kh8 74. Kh6 1-0


[Site "https://www.chess.com"]